 Adventure DCSS version bcrawl-1.28.5 (webtiles) character file.

Game seed: 8950908993781737780

94300 Leeroy the Skirmisher (level 2, 28/28 HPs)
             Began as a Djinni Reaver on Feb 12, 2020.
             Was a Follower of Vehumet.
             Quit the game on level 1 of the Dungeon on Feb 5, 2021.
             The game lasted 00:02:57 (1222 turns).

Leeroy the Skirmisher (Djinni Reaver)               Turns: 1222, Time: 00:02:57

Health: 28/28      AC:  5    Str: 13    XL:     2   Next: 93%
Magic:  6/6        EV: 12    Int: 16    God:    Vehumet [*.....]
Gold:   48         SH:  0    Dex:  9    Spells: 7/7 levels left
                                        Lives:  2   Deaths: 0

rFire    . . .     SeeInvis .   h - +1 hand axe (venom)
rCold    . . .     Gourm    .   (no shield)
rNeg     . . .     Faith    .   b - +0 steam dragon scales
rPois    .         Spirit   .   (no helmet)
rElec    .         Reflect  .   (no cloak)
rCorr    .         Harm     .   (no gloves)
MR       .....     Rnd*Rage +   (boots unavailable)
Stlth    +.........             (no amulet)
HPRegen  0.09/turn              (no ring)
MPRegen  0.10/turn              (no ring)

@: flying
A: never pass out, berserk 2, blurry vision 2, wild magic 1, MP-powered wands,
floating
a: Renounce Religion


You were on level 1 of the Dungeon.
You worshipped Vehumet.
Vehumet was aware of your devotion.
You were hungry.

You visited 1 branch of the dungeon, and saw 1 of its levels.

You collected 48 gold pieces.

Inventory:

Hand Weapons
 a - a +0 long sword
 h - a +1 hand axe of venom (weapon)
 j - a +0 club
Missiles
 f - 153 bolts
 g - 636 stones (quivered)
 i - 57 needles of confusion
Armour
 b - +0 steam dragon scales (worn)
 k - a +0 pair of boots
Jewellery
 l - a +3 ring of dexterity {unknown}
Scrolls
 d - 2 scrolls of immolation
Potions
 c - a potion of haste
 m - a potion of might {unknown}
 n - 2 potions of heal wounds {unknown}
Comestibles
 e - 2 rations {!d}


   Skills:
 + Level 4.6 Fighting
 - Level 3.2 Long Blades
 - Level 3.0 Dodging
 - Level 3.0 Spellcasting


You had 7 spell levels left.
You didn't know any spells.
Your spell library contained the following spells:

 Spells                   Type           Power        Failure   Level  Hunger
 Sandblast                Erth           #.....       7%          1    None
 Iskenderun's Battlesphe  Conj/Chrm      #.......     80%         5    ######.


Dungeon Overview and Level Annotations

Branches:
Dungeon (1/12)

Altars:


Innate Abilities, Weirdness & Mutations

You never pass out after going berserk.
You often lose your temper in combat.
Scrolls take you longer to read.
Your spells are a little harder to cast, but a little more powerful.
You expend magic power (3 MP) to strengthen your wands.
Your body floats in the air.


Message History

You eat the chunk of flesh.
This raw flesh tastes terrible.
You see here a rat skeleton.
Things that are here:
a cursed -2 club; a hobgoblin corpse
There is an open door here.
There is an open door here.
There is an open door here.
You see here a short sword.
Done exploring.
Done exploring.
Done exploring.
Unknown command.
Save game and exit?
Welcome back, Leeroy the Djinni Reaver.
Vehumet says: Let it end in hellfire!
Press m to set your skill training.
Press ? for a list of commands and other information.
Char dumped successfully.
Quiver which item? (- for none, * to show all) (? for menu, Esc to quit)
Okay, then.
Are you sure you want to abandon this character and quit the game? (Confirm with "yes".)

#.# #.# ####### #.#
#.....# #.# #.....#
#.# #.....# #.#
#.....######## #.#
#.............
#.########..........
#..@..............).
#...................
#.###...............
#.# #.....).........
#.# #...............
#.# #.....#######'##
#.# #.....# #... #.#
#.....# #### #.#
#.#####


There were no monsters in sight!

Vanquished Creatures
  A leopard gecko (D:1)
  5 bats (D:1)
  3 goblins (D:1)
  4 hobgoblins (D:1)
  3 jackals (D:1)
  2 kobolds (D:1)
  4 rats (D:1)
22 creatures vanquished.

Notes
Turn   | Place    | Note
-------+----------+-------------------------------------------
     0 | D:1      | Leeroy the Djinni Reaver began the quest for the Orb.
     0 | D:1      | Reached XP level 1. HP: 19/19 MP: 4/4
    77 | D:1      | Reached XP level 2. HP: 22/27 MP: 6/6
   125 | D:1      | Reached skill level 4 in Fighting
   725 | D:1      | Reached * piety under Vehumet
   725 | D:1      | Offered knowledge of Sandblast by Vehumet.
  1220 | D:1      | Upgraded the game from bcrawl-1.21-1-g5bcee87e22 to
                  | bcrawl-1.28.5
  1222 | D:1      | Quit the game

Skill      XL: |  1  2 |
---------------+-------+-----
Fighting       | 4 |  4.6
Long Blades    | |  3.2
Dodging        | |  3.0
Spellcasting   | |  3.0

Action                   || total
-------------------------++-------
Melee: Hand axe          ||    71
  Use: Scroll            ||     1
 Stab: Sleeping          ||     2
  Eat: Chunk             ||     1
Armor: Steam dragon scal ||    43
Dodge: Dodged            ||    52
